 Dungeon Crawl Stone Soup version 0.23.2-30-g0e89c35649 (webtiles) character file.

Game seed: 4898687679674304301

187063 Hivemind the Executioner (level 17, -2/140 HPs)
             Began as a Minotaur Berserker on June 11, 2019.
             Was the Champion of Trog.
             Blown up by an orb spider (47 damage)
             ... with an orb of destruction
             ... on level 1 of the Spider Nest on June 12, 2019.
             The game lasted 04:24:29 (40815 turns).

Hivemind the Executioner (Minotaur Berserker)      Turns: 40815, Time: 04:24:30

Health: -2/140     AC: 19    Str: 36    XL:     17   Next: 44%
Magic:  16/16      EV:  8    Int:  9    God:    Trog [******]
Gold:   1682       SH:  0    Dex: 10    Spells: 16/16 levels left

rFire    . . .     SeeInvis .   T - +9 broad axe of Cataclysm {chop, Str+7}
rCold    . . .     Gourm    .   (no shield)
rNeg     . . .     Faith    .   k - +0 swamp dragon scales
rPois    +         Spirit   .   (helmet unavailable)
rElec    .         Reflect  .   o - +0 cloak
rCorr    .         Harm     .   C - +0 pair of gloves (curse)
MR       ++...                  i - +0 pair of boots {run}
Stlth    ..........             (no amulet)
HPRegen  0.33/turn              B - ring of protection from magic
MPRegen  0.15/turn              P - +5 ring of intelligence

@: lethally poisoned (-2 -> -3), held, quick
A: retaliatory headbutt, claws 1, horns 3, thin metallic scales 1, screaming 1,
MP-powered wands
}: 1/15 runes: decaying
a: Berserk, Trog's Hand, Brothers in Arms, Renounce Religion


You were on level 1 of the Spider Nest.
You worshipped Trog.
Trog was exalted by your worship.
You were not hungry.

You visited 6 branches of the dungeon, and saw 29 of its levels.
You also visited: Ice Cave.

You collected 2889 gold pieces.
You spent 1207 gold pieces at shops.

Inventory:

Hand Weapons
 T - the +9 broad axe of Cataclysm (weapon) {chop, Str+7}
   (You found it on level 1 of the Swamp)

   It inflicts extra damage upon your enemies.
   It affects your strength (+7).
 V - the +3 executioner's axe "Impbane" {freeze, Int+2}
   (Trog gifted it to you on level 12 of the Dungeon)

   It has been specially enchanted to freeze those struck by it, causing extra
   injury to most foes and up to half again as much damage against particularly
   susceptible opponents.
   It can also slow down cold-blooded creatures.
   It affects your intelligence (+2).
 Y - a +2 antimagic executioner's axe
Missiles
 b - 3 poisoned javelins
 n - 5 tomahawks (quivered)
 S - 2 silver javelins
 U - a silver tomahawk
Armour
 i - a +0 pair of boots of running (worn)
 k - +0 swamp dragon scales (worn)
 o - a +0 cloak (worn)
 C - a cursed +0 pair of gloves (worn)
 N - the +6 acid dragon scales of the Saviour {rElec rC+ rCorr Int-5}
   (You bought it in a shop on level 2 of the Orcish Mines)

   It affects your intelligence (-5).
   It protects you from cold.
   It insulates you from electricity.
   It provides partial protection from all sources of acid and corrosion.
Jewellery
 B - a ring of protection from magic (left hand)
 L - an uncursed ring of protection from fire
 P - a +5 ring of intelligence (right hand)
 X - an uncursed ring of ice
Wands
 m - a wand of scattershot (3)
 r - a wand of enslavement (5)
 t - a wand of acid (13)
 v - a wand of clouds (7)
 y - a wand of disintegration (52)
 z - a wand of flame (44)
 E - a wand of polymorph (38)
 H - a wand of digging (9)
 I - a wand of iceblast (10)
Scrolls
 g - 6 scrolls of remove curse
 h - a scroll of summoning {unknown}
 l - 6 scrolls of enchant weapon
 q - 4 scrolls of blinking
 s - 4 scrolls of teleportation
 u - 5 scrolls of fear
 A - 2 scrolls of enchant armour
 D - 6 scrolls of fog
 F - 7 scrolls of magic mapping
 J - 2 scrolls of vulnerability {unknown}
 M - 2 scrolls of holy word {unknown}
 Q - a scroll of identify
Potions
 a - 2 potions of resistance
 d - 4 potions of brilliance
 e - 3 potions of haste
 f - 2 potions of heal wounds
 j - 3 potions of flight
 p - 2 potions of ambrosia
 w - 11 potions of lignification
 x - 8 potions of cancellation
 G - 4 potions of invisibility
 R - a potion of degeneration {unknown}
 W - 3 potions of might {unknown}
Miscellaneous
 O - a lamp of fire
Comestibles
 c - 24 rations
 K - a chunk of flesh


   Skills:
 - Level 10.0 Fighting
 + Level 25.4 Axes
 - Level 11.0 Throwing
 - Level 16.1 Armour
 - Level 10.4 Dodging


You had 16 spell levels left.
You didn't know any spells.
Your spell library was empty.

Dungeon Overview and Level Annotations

Branches:
Dungeon (15/15)            Temple (1/1) D:6            Lair (6/6) D:9
  Swamp (4/4) Lair:4       Spider (1/4) Lair:4        Slime (0/5) Lair:6
    Orc (2/2) D:11            Elf (0/3) Orc:2        Vaults (0/5) D:13
 Depths (0/5) D:15

Altars:
Ashenzari
Cheibriados
Dithmenos
Makhleb
Okawaru
Sif Muna
Trog
Vehumet
Xom
Beogh
Jiyva

Shops:
D:6 =   D:14 %   D:15 [   Orc:2 [*(:

Annotations:
Lair:3 exclusion: oklob plant
Lair:5 exclusion: 2 oklob plants
Swamp:1 exclusion: Roxanne, Roxanne


Innate Abilities, Weirdness & Mutations

You reflexively headbutt those who attack you in melee.
You have a pair of large horns on your head.
You have sharp fingernails.
You are partially covered in thin metallic scales. (AC +2)
You occasionally shout uncontrollably at your foes.
You expend magic power (3 MP) to strengthen your wands.


Message History

You feel sick. The orb of destruction hits you!!
You feel sick.
You're too confused!
You bump into the rock wall.
You feel sick.
The orb spider pulsates with a strange energy.
You feel sick.
The orb spider weaves a glowing orb of energy.
The orb of destruction hits a stone wall.
You are too injured to fight recklessly!
You bump into the stone wall.
You feel sick.
A jumping spider comes into view.
The orb spider pulsates with a strange energy.
The jumping spider moves out of view.
There is an open door, spattered with blood here.
You feel less confused.
You feel sick.
The orb spider weaves a glowing orb of energy.
An orb of destruction comes into view.
You are caught in the web!
The orb of destruction hits you!!!
You die...

...........#........#....#.......
..............#..#....#.........#
...#..#..^..#.................###
............^.....#............#
..#.....##....#....#...[......##
.....^..............#........##
..........#...#..#........####
.....#..............†....##
................@○☼.†...##
###################○..### ## ###
##○## . ##.# ##.####s##
.^##s..##...##..†#
.....*°°s○.....†.#
#...^#....#....#.#
.................#
#....#...s#....#.#


There were no monsters in sight!

Vanquished Creatures
  Jorgrun (Swamp:1)
  Rupert (Lair:5)
  2 thorn hunters
  Donald (Swamp:1)
  A fire giant (D:15)
  An orc warlord (Orc:1)
  A frost giant (IceCv)
  2 very ugly things
  A stone giant (Orc:1)
  An entropy weaver (Spider:1)
  Snorg (D:12)
  A vault guard (D:13)
  Fannar (D:12)
  A fire dragon (Lair:6)
  18 hydras
  3 shambling mangroves
  Erolcha (D:12)
  A catoblepas (D:15)
  The ghost of stonage the Summoner, a journeyman OpSu of Sif Muna (Lair:1)
  2 ghost crabs
  A death knight (D:15)
  3 two-headed ogres
  15 alligators
  2 tengu warriors (D:13)
  5 death yaks
  An orc high priest (Orc:2)
  A skeletal warrior (D:15)
  3 wizards
  16 swamp dragons
  2 unseen horrors
  2 spriggan druids (Swamp:4)
  2 lindwurms (Lair:6)
  A necromancer (D:13)
  4 orc knights
  A wolf spider zombie (D:13)
  2 orb spiders (Spider:1)
  4 orc sorcerers (Orc:2)
  6 wolf spiders (Spider:1)
  A manticore (D:11)
  4 deep elf magi
  2 cyclopes
  7 elephants
  A guardian serpent (D:13)
  16 ugly things
  A moth of wrath (Spider:1)
  4 black mambas
  22 spiny frogs
  A gargoyle (D:10)
  Psyche (D:12)
  9 komodo dragons
  4 kobold demonologists
  A yaktaur (D:13)
  A freezing wraith (D:15)
  6 rime drakes
  2 ice devils (D:15)
  4 demonic crawlers
  7 trolls
  4 jumping spiders
  3 tengu conjurers
  13 tyrant leeches
  16 hornets
  16 polar bears
  18 slime creatures
  13 blink frogs
  7 bog bodies
  10 hippogriffs
  3 dream sheep (Lair:6)
  A centaur simulacrum (D:15)
  6 tarantellas (Spider:1)
  6 redbacks
  5 shadows
  57 yaks
  13 spriggans
  3 wyverns
  3 wraiths
  A vampire (D:15)
  6 basilisks
  16 humans (D:13)
  31 vampire mosquitoes
  3 steam dragons (Lair:6)
  2 hungry ghosts
  Menkaure (D:7)
  2 wargs
  10 insubstantial wisps
  21 swamp worms
  The ghost of groda1 the Conjurer, an amateur DECj (D:3)
  An acid dragon (Lair:6)
  4 water moccasins
  The ghost of iesmar the Sneak, an amateur VSAs (D:3)
  15 swamp drakes
  34 orc warriors
  4 porcupines
  2 eyes of draining (D:3)
  5 sky beasts
  A meliai simulacrum (D:14)
  4 phantoms
  4 ice beasts
  2 black bears (D:6)
  A hornet zombie (D:13)
  11 ogres
  4 centaurs
  18 wolves
  15 crocodiles
  Blork the orc (Orc:2)
  6 big kobolds
  20 bullfrogs
  2 scorpions
  5 killer bees
  10 wights
  3 howler monkeys
  10 crimson imps
  7 centaur zombies
  3 quasits
  2 bullfrog zombies
  6 jellies
  14 orc priests
  22 orc wizards
  5 hounds
  Crazy Yiuf (D:2)
  3 bullfrog skeletons
  5 centaur skeletons
  A gnoll shaman (D:4)
  5 iguanas
  Natasha (thrice) (D:3)
  19 worker ants
  Terence (D:3)
  2 hound zombies
  3 hound skeletons
  A worker ant zombie (D:10)
  8 gnolls
  10 adders
  A howler monkey skeleton (D:8)
  5 shadow imps
  An ooze (D:3)
  3 adder zombies
  An adder skeleton (D:4)
  3 worms
  6 dart slugs
  2 leopard geckos
  61 orcs
  7 giant cockroaches
  10 goblins
  8 hobgoblins
  15 jackals
  27 kobolds
  4 quokkas
  2 ball pythons
  6 bats
  A frilled lizard (D:2)
  2 leopard gecko skeletons (D:4)
  A quokka zombie (D:6)
  6 rats
  A butterfly (D:8)
  4 plants (Lair:6)
979 creatures vanquished.

Vanquished Creatures (collateral kills)
  the Lernaean hydra (Swamp:4)
  Saint Roka (Orc:2)
  Aizul (Swamp:1)
  4 death yaks (D:9)
  An elephant (Lair:4)
  A bog body (Swamp:1)
  3 vampire mosquitoes (Lair:4)
  An insubstantial wisp (Swamp:4)
  A basilisk (Lair:6)
  An ogre (Orc:2)
15 creatures vanquished.

Vanquished Creatures (others)
  A fungus (Lair:1)
  7 plants
  A withered plant (D:3)
9 creatures vanquished.

Grand Total: 1003 creatures vanquished

Notes
Turn   | Place    | Note
-------+----------+-------------------------------------------
     0 | D:1      | Hivemind the Minotaur Berserker began the quest for the
                  | Orb.
     0 | D:1      | Reached XP level 1. HP: 19/19 MP: 0/0
    36 | D:1      | Reached skill level 4 in Axes
    36 | D:1      | Reached XP level 2. HP: 14/26 MP: 1/1
   345 | D:1      | Reached skill level 5 in Axes
   485 | D:1      | Reached XP level 3. HP: 31/31 MP: 2/2
   505 | D:1      | Reached ** piety under Trog
   914 | D:1      | Identified a +0 pair of boots of running (You found it on
                  | level 1 of the Dungeon)
  1127 | D:2      | Reached XP level 4. HP: 39/39 MP: 3/3
  1127 | D:2      | Reached skill level 6 in Axes
  1440 | D:2      | Found a runed translucent door.
  1441 | D:2      | Noticed Crazy Yiuf
  1446 | D:2      | Killed Crazy Yiuf
  1552 | D:3      | Noticed Natasha
  1574 | D:3      | Killed Natasha
  1574 | D:3      | Reached skill level 7 in Axes
  1574 | D:3      | Reached XP level 5. HP: 30/45 MP: 4/4
  1773 | D:3      | Found a deep blue altar of Sif Muna.
  1798 | D:3      | Found an iron altar of Okawaru.
  1813 | D:3      | Noticed Natasha
  1825 | D:3      | Killed Natasha
  1929 | D:3      | Noticed Natasha
  1978 | D:3      | Killed Natasha
  2015 | D:3      | Found a bloodstained altar of Trog.
  2015 | D:3      | Noticed an eye of draining
  2015 | D:3      | Noticed an eye of draining
  2019 | D:3      | Reached skill level 8 in Axes
  2025 | D:3      | Killed an eye of draining
  2025 | D:3      | Reached XP level 6. HP: 51/51 MP: 0/5
  2025 | D:3      | Reached skill level 9 in Axes
  2045 | D:3      | Noticed Terence
  2052 | D:3      | Killed Terence
  2052 | D:3      | Reached *** piety under Trog
  2119 | D:3      | Found a shimmering altar of Xom.
  2120 | D:3      | Found a radiant altar of Vehumet.
  2143 | D:3      | Found a runed translucent gate.
  2144 | D:3      | Found a runed translucent gate.
  2150 | D:3      | Found a runed translucent gate.
  2157 | D:3      | Noticed iesmar's ghost (amateur VSAs)
  2157 | D:3      | Noticed groda1's ghost (amateur DECj)
  2454 | D:4      | Reached XP level 7. HP: 57/57 MP: 6/6
  2592 | D:4      | Reached skill level 10 in Axes
  2849 | D:4      | Reached skill level 11 in Axes
  2971 | D:4      | Reached XP level 8. HP: 57/64 MP: 7/7
  2979 | D:4      | Reached **** piety under Trog
  2985 | D:4      | Found a shadowy altar of Dithmenos.
  3602 | D:5      | Entered Level 5 of the Dungeon
  3779 | D:5      | Reached skill level 12 in Axes
  4468 | D:6      | Found a staircase to the Ecumenical Temple.
  4494 | D:6      | Reached skill level 13 in Axes
  4554 | D:6      | Found Hiublal's Jewellery Emporium.
  5200 | Temple   | Entered the Ecumenical Temple
  5402 | D:6      | Reached XP level 9. HP: 47/70 MP: 8/8
  5581 | D:7      | Reached skill level 14 in Axes
  5814 | D:7      | Noticed Menkaure
  5832 | D:7      | Killed Menkaure
  6179 | D:7      | Found a shattered altar of Ashenzari.
  6214 | D:7      | Reached skill level 1 in Throwing
  6309 | D:7      | Reached skill level 5 in Fighting
  6565 | D:7      | Reached ***** piety under Trog
  6824 | D:8      | Reached skill level 5 in Armour
  7060 | D:8      | Found a runed translucent door.
  7061 | D:8      | Found a runed translucent door.
  7100 | D:8      | Found a burning altar of Makhleb.
  7482 | D:9      | Noticed a death yak
  7529 | D:9      | Killed a death yak
  7529 | D:9      | Reached XP level 10. HP: 86/86 MP: 9/9
  7541 | D:9      | Noticed a death yak
  7544 | D:9      | Noticed a death yak
  7544 | D:9      | Noticed a death yak
  7544 | D:9      | Noticed a death yak
  7545 | D:9      | Killed a death yak
  7547 | D:9      | Killed a death yak
  7549 | D:9      | Killed a death yak
  7558 | D:9      | Killed a death yak
  7624 | D:9      | Found a staircase to the Lair.
  8199 | D:9      | Noticed a deep elf mage
  8216 | D:9      | Killed a deep elf mage
  8356 | D:9      | Received a gift from Trog
  8356 | D:9      | Reached skill level 5 in Throwing
  8573 | D:10     | Entered Level 10 of the Dungeon
  8931 | D:10     | Reached skill level 10 in Armour
  9087 | D:10     | Noticed a gargoyle
  9152 | Lair:1   | Entered Level 1 of the Lair of Beasts
  9152 | Lair:1   | Found a runed translucent door.
  9152 | Lair:1   | Noticed stonage's ghost (journeyman OpSu)
  9152 | Lair:1   | Noticed a seven-headed hydra
  9152 | Lair:1   | Noticed a five-headed hydra
  9161 | D:9      | Killed a 12-headed hydra
  9161 | D:9      | Reached XP level 11. HP: 77/97 MP: 10/10
  9333 | Lair:1   | Killed a nine-headed hydra
 10723 | Lair:2   | Found a snail-covered altar of Cheibriados.
 10740 | Lair:2   | You fall through a shaft for 2 floors!
 10926 | Lair:4   | Reached skill level 15 in Axes
 10957 | Lair:4   | Noticed a four-headed hydra
 10962 | Lair:4   | Killed an eight-headed hydra
 11089 | Lair:4   | Found a staircase to the Swamp.
 11171 | Lair:4   | Reached XP level 12. HP: 104/104 MP: 11/11
 12340 | D:3      | Killed iesmar's ghost
 12341 | D:3      | Killed groda1's ghost
 12734 | Lair:4   | Received a gift from Trog
 12759 | Lair:4   | Noticed a six-headed hydra
 12761 | Lair:4   | Killed a six-headed hydra
 12801 | Lair:4   | Noticed a six-headed hydra
 12810 | Lair:4   | Killed a ten-headed hydra
 13063 | Lair:4   | Found a hole to the Spider Nest.
 13556 | Lair:5   | Reached skill level 16 in Axes
 13558 | Lair:5   | Noticed Rupert
 13581 | Lair:4   | Reached skill level 5 in Dodging
 14157 | Lair:5   | Killed Rupert
 14902 | Lair:6   | Entered Level 6 of the Lair of Beasts
 14938 | Lair:6   | Received a gift from Trog
 14938 | Lair:6   | Reached XP level 13. HP: 103/111 MP: 12/12
 14974 | Lair:6   | Gained mutation: You are clumsy. (Dex -2) [potion of
                  | mutation]
 14974 | Lair:6   | Gained mutation: You evolve. [potion of mutation]
 14974 | Lair:6   | Gained mutation: You are partially covered in thin metallic
                  | scales. (AC +2) [potion of mutation]
 14974 | Lair:6   | Gained mutation: Your muscles are strong. (Str +2) [potion
                  | of mutation]
 15281 | Lair:6   | Gained mutation: You have supernaturally acute eyesight.
                  | (SInv) [evolution]
 15467 | Lair:6   | Received a gift from Trog
 15588 | Lair:6   | Noticed a fire dragon
 15601 | Lair:6   | Killed a fire dragon
 16371 | Lair:6   | Found a viscous altar of Jiyva.
 16372 | Lair:6   | Found a staircase to the Slime Pits.
 16554 | Lair:6   | Reached skill level 15 in Armour
 16615 | Lair:6   | Reached skill level 10 in Throwing
 17235 | Swamp:1  | Entered Level 1 of the Swamp
 17280 | Swamp:1  | Noticed a cyan very ugly thing
 17293 | Swamp:1  | Killed a cyan very ugly thing
 17300 | Swamp:1  | Identified Roxanne's Compendium of the Mountains
 17300 | Swamp:1  | Noticed Roxanne
 17367 | Swamp:1  | Reached XP level 14. HP: 23/118 MP: 13/13
 17774 | Swamp:1  | Noticed a thorn hunter
 17859 | Spider:1 | Entered Level 1 of the Spider Nest
 17871 | Spider:1 | Reached skill level 10 in Dodging
 18467 | Lair:4   | Gained mutation: You have large cloven feet. [evolution]
 18780 | D:10     | Received a gift from Trog
 19289 | D:11     | You fall through a shaft!
 19298 | D:12     | Noticed Psyche
 19304 | D:12     | Killed Psyche
 19304 | D:12     | Received a gift from Trog
 19327 | D:12     | Got a faintly glowing executioner's axe {god gift}
 19328 | D:12     | Identified the +3 executioner's axe "Impbane" {freeze,
                  | Int+2} (Trog gifted it to you on level 12 of the Dungeon)
 19519 | D:11     | Found a staircase to the Orcish Mines.
 20091 | D:11     | You fall through a shaft for 2 floors!
 20182 | D:12     | Reached skill level 10 in Fighting
 20574 | D:12     | Noticed Erolcha
 20583 | D:12     | Killed Erolcha
 20737 | D:12     | Noticed Snorg
 20750 | D:12     | Killed Snorg
 20965 | D:12     | Noticed Fannar
 20978 | D:12     | Killed Fannar
 21317 | D:13     | Reached skill level 17 in Axes
 21437 | D:13     | Received a gift from Trog
 22156 | D:13     | Reached skill level 18 in Axes
 22504 | D:13     | Received a gift from Trog
 22596 | D:13     | Identified the +2 scale mail of Resilience {+Fly rC+ Dex-4
                  | SInv}
 22597 | D:13     | Found a gate to the Vaults.
 22797 | D:13     | Reached XP level 15. HP: 126/126 MP: 4/14
 24073 | D:14     | Reached skill level 19 in Axes
 24114 | D:14     | Found Fiklic's Food Emporium.
 24225 | Orc:1    | Entered Level 1 of the Orcish Mines
 24239 | Orc:1    | Found a bloodstained altar of Trog.
 24720 | Orc:2    | Entered Level 2 of the Orcish Mines
 24900 | Orc:2    | Received a gift from Trog
 24910 | Orc:2    | Noticed Saint Roka
 25148 | Orc:2    | Found a staircase to the Elven Halls.
 25624 | Orc:2    | Reached ****** piety under Trog
 25754 | Orc:2    | Killed Saint Roka
 25979 | Orc:2    | Noticed Blork the orc
 25992 | Orc:2    | Killed Blork the orc
 25992 | Orc:2    | Received a gift from Trog
 26040 | Orc:2    | Found a roughly hewn altar of Beogh.
 26088 | Orc:2    | Reached skill level 20 in Axes
 26318 | Orc:2    | Found Reshianta's Book Shoppe.
 26341 | Orc:2    | Found Qiebro Qonoa's General Store.
 26343 | Orc:2    | Found Maejinkife's Antique Armour Shoppe.
 26349 | Orc:2    | Found Ihethet's Antique Weapon Shoppe.
 26470 | Orc:2    | Noticed an orc warlord
 26547 | Orc:1    | Killed an orc warlord
 27175 | Orc:2    | Bought the +6 acid dragon scales of the Saviour {rElec rC+
                  | rCorr Int-5} for 1207 gold pieces
 27363 | Lair:1   | Killed stonage's ghost
 27749 | Swamp:1  | Noticed Jorgrun
 27761 | Swamp:1  | Killed Jorgrun
 27913 | Swamp:1  | Lost mutation: You are clumsy. (Dex -2) [evolution]
 28120 | Swamp:1  | Noticed Aizul
 28307 | Swamp:1  | Killed Aizul
 28644 | Swamp:1  | Got a transparent leather armour
 28660 | Swamp:1  | Identified the cursed +1 leather armour "Sufuup" {*Corrode
                  | rC+ Int+4} (You found it on level 1 of the Swamp)
 28727 | Swamp:1  | Got a bone broad axe
 28728 | Swamp:1  | Identified the +9 broad axe of Cataclysm {chop, Str+7} (You
                  | found it on level 1 of the Swamp)
 28799 | Swamp:1  | Killed a thorn hunter
 28886 | Swamp:1  | Reached skill level 21 in Axes
 29443 | Swamp:2  | Noticed Donald
 29470 | Swamp:1  | Killed Donald
 30237 | Swamp:2  | Received a gift from Trog
 30680 | Swamp:2  | Reached XP level 16. HP: 133/134 MP: 5/15
 30777 | Swamp:2  | Received a gift from Trog
 31120 | Swamp:2  | Reached skill level 22 in Axes
 32607 | Swamp:4  | Entered Level 4 of the Swamp
 33491 | Swamp:4  | Reached skill level 23 in Axes
 33589 | Swamp:4  | Received a gift from Trog
 33824 | Swamp:4  | Lost mutation: You have large cloven feet. [evolution]
 33824 | Swamp:4  | Lost mutation: You evolve. [end of evolution]
 33891 | Swamp:3  | Lost mutation: You have supernaturally acute eyesight.
                  | (SInv) [potion of mutation]
 33891 | Swamp:3  | Lost mutation: Your muscles are strong. (Str +2) [potion of
                  | mutation]
 33891 | Swamp:3  | Gained mutation: You occasionally shout uncontrollably at
                  | your foes. [potion of mutation]
 33891 | Swamp:3  | Gained mutation: Your flesh is cold resistant. (rC+)
                  | [potion of mutation]
 33892 | Swamp:3  | Lost mutation: You occasionally shout uncontrollably at
                  | your foes. [potion of mutation]
 33892 | Swamp:3  | Lost mutation: Your flesh is cold resistant. (rC+) [potion
                  | of mutation]
 33892 | Swamp:3  | Gained mutation: You have a pair of large horns on your
                  | head. [potion of mutation]
 33892 | Swamp:3  | Gained mutation: You have sharp fingernails. [potion of
                  | mutation]
 33892 | Swamp:3  | Gained mutation: You occasionally shout uncontrollably at
                  | your foes. [potion of mutation]
 33892 | Swamp:3  | Gained mutation: You expend magic power (3 MP) to
                  | strengthen your wands. [potion of mutation]
 34179 | Swamp:4  | Received a gift from Trog
 34194 | Swamp:4  | Noticed the 27-headed Lernaean hydra
 35055 | Swamp:4  | Killed the 27-headed Lernaean hydra
 35527 | Swamp:4  | Noticed a thorn hunter
 35537 | Swamp:4  | Killed a thorn hunter
 35538 | Swamp:4  | Reached skill level 24 in Axes
 36785 | Swamp:4  | Got a decaying rune of Zot
 37613 | D:14     | Received a gift from Trog
 37944 | D:15     | Entered Level 15 of the Dungeon
 37962 | D:15     | Found Geidinko's Armour Shop.
 37969 | D:15     | Reached XP level 17. HP: 140/140 MP: 16/16
 38063 | D:15     | Found a staircase to the Depths.
 38584 | D:15     | Found a frozen archway.
 38601 | IceCv    | Entered an ice cave
 38930 | IceCv    | Received a gift from Trog
 38931 | IceCv    | Got a polished executioner's axe {god gift}
 38940 | IceCv    | Identified the +4 executioner's axe of Doubt {drain, +Fly
                  | rC- rN+} (Trog gifted it to you in an ice cave)
 39060 | IceCv    | Reached skill level 25 in Axes
 40815 | Spider:1 | Blown up by an orb spider

Skill      XL: |  1  2  3  4  5  6  7  8  9 10 11 12 13 14 15 16 17 |
---------------+----------------------------------------------------+-----
Axes           | 4 5 7 8 9 11 13 14 15 16 18 21 24 25 | 25.4
Fighting       | 7 9 10 | 10.0
Armour         | 6 10 11 14 15 16 | 16.1
Throwing       | 3 5 8 10 11 | 11.0
Dodging        | 6 9 10 | 10.4

Action                   |  1- 3 |  4- 6 |  7- 9 | 10-12 | 13-15 | 16-18 || total
-------------------------+-------+-------+-------+-------+-------+-------++-------
Melee: Hand axe          |    58 |    61 |   281 |    34 |       |       ||   434
       Headbutt          |     8 |    10 |    54 |    86 |   221 |   162 ||   541
       Trident           |       |       |     8 |    84 |    20 |       ||   112
       War axe           |       |       |       |   258 |   263 |       ||   521
       Executioner's axe |       |       |       |       |   659 |    99 ||   758
       Broad axe         |       |       |       |       |    55 |   518 ||   573
Throw: Stone             |       |    41 |   114 |   104 |    40 |       ||   299
       Throwing net      |       |       |     1 |       |       |       ||     1
       Tomahawk          |       |       |    66 |   154 |   259 |    20 ||   499
       Javelin           |       |       |       |    10 |    72 |    48 ||   130
Invok: Berserk           |     2 |     6 |     9 |     8 |    25 |    18 ||    68
       Brothers in Arms  |       |       |     1 |     5 |     4 |       ||    10
       Trog's Hand       |       |       |       |       |     4 |       ||     4
Evoke: Wand              |       |       |       |       |     2 |     9 ||    11
       Phantom mirror    |       |       |       |       |       |     1 ||     1
  Use: Scroll            |       |       |     4 |       |    24 |     7 ||    35
       Potion            |       |       |     1 |     1 |    13 |     9 ||    24
 Stab: Confused          |       |       |       |       |     2 |     2 ||     4
  Eat: Chunk             |     2 |     6 |    22 |    25 |    49 |    25 ||   129
       Ration            |       |     1 |     1 |     2 |     7 |     7 ||    18
Armor: Animal skin       |     9 |       |       |       |       |       ||     9
       Ring mail         |     5 |    16 |    29 |       |       |       ||    50
       Plate armour      |       |       |    78 |   182 |   271 |       ||   531
       Chain mail        |       |       |       |       |   193 |       ||   193
       Acid dragon scale |       |       |       |       |    72 |    75 ||   147
       Swamp dragon scal |       |       |       |       |     8 |   121 ||   129
       Skin              |       |       |       |       |       |     5 ||     5
Dodge: Dodged            |    45 |    21 |    68 |    97 |   533 |   355 ||  1119
